 Dungeon Crawl Stone Soup version 0.24-a0-458-gfcb5e6da0e (webtiles) character file.

Game seed: 13130561871872545039

943 KristoblXynda the Skirmisher (level 8, -1/130 HPs)
             Began as an Ogre Berserker on June 26, 2019.
             Was a Priest of Trog.
             Slain by a gnoll
             ... wielding a +0 flail
              (4 damage)
             ... on level 5 of the Dungeon.
             The game lasted 00:06:04 (4909 turns).

KristoblXynda the Skirmisher (Ogre Berserker)       Turns: 4909, Time: 00:06:05

Health: -1/130     AC:  3    Str: 27    XL:     8   Next: 12%
Magic:  8/8        EV: 11    Int:  9    God:    Trog [***...]
Gold:   205        SH:  0    Dex:  9    Spells: 7/7 levels left

rFire    . . .     SeeInvis .   s - +2 morningstar
rCold    . . .     Gourm    .   (no shield)
rNeg     . . .     Faith    .   b - +0 animal skin
rPois    .         Spirit   .   (helmet restricted)
rElec    .         Reflect  .   h - scarf {repulsion}
rCorr    .         Harm     .   (gloves unavailable)
MR       ++...                  (boots unavailable)
Stlth    ..........             (no amulet)
HPRegen  1.31/turn              d - ring of flight
MPRegen  0.11/turn              (no ring)

@: berserking, regenerating, repel missiles, very quick
A: large, unfitting armour, tough skin 1
a: Berserk, Trog's Hand, Renounce Religion, Evoke Flight


You were on level 5 of the Dungeon.
You worshipped Trog.
Trog was most pleased with you.
You were very hungry.

You visited 2 branches of the dungeon, and saw 6 of its levels.

You collected 205 gold pieces.

Inventory:

Hand Weapons
 s - a +2 morningstar (weapon)
Armour
 b - a +0 animal skin (worn)
 h - a scarf of repulsion (worn)
Jewellery
 d - a ring of flight (left hand)
Wands
 i - a wand of digging (3)
Scrolls
 f - a scroll of remove curse
 g - 2 scrolls of fear
 j - a scroll of teleportation
 l - a scroll of amnesia {unknown}
 n - 4 scrolls of identify
 q - 3 scrolls of magic mapping {unknown}
Potions
 a - 2 potions of invisibility {unknown}
 e - a potion of curing
 k - a potion of cancellation {unknown}
 m - 2 potions of mutation {unknown}
 o - a potion of ambrosia
 p - 2 potions of flight
 r - 2 potions of lignification {unknown}
Comestibles
 c - 11 rations


   Skills:
 + Level 7.2 Fighting
 + Level 4.9 Maces & Flails
 + Level 4.3 Throwing
 + Level 4.8 Dodging


You had 7 spell levels left.
You didn't know any spells.
Your spell library was empty.

Dungeon Overview and Level Annotations

Branches:
Dungeon (5/15)             Temple (1/1) D:4

Altars:
Ashenzari
Cheibriados
Fedhas
Gozag
Hepliaklqana
Nemelex Xobeh
Qazlal
Ru
Sif Muna
Trog
Yredelemnul
Lugonu


Innate Abilities, Weirdness & Mutations

You are too large for most types of armour.
You have tough skin. (AC +1)


Message History

* * * LOW HITPOINT WARNING * * *
Your skin crawls.
You feel resistant to hostile enchantments.
You are feeling hungry.
You can no longer call in reinforcements.
The gnoll hits you with a +0 flail!
* * * LOW HITPOINT WARNING * * *
Things that are here:
a +0 hand axe; a +0 chain mail; a jackal corpse The gnoll hits you with a +0 flail.
* * * LOW HITPOINT WARNING * * *
A red film seems to cover your vision as you go berserk!
You feel yourself moving faster!
You feel mighty!
You are feeling very hungry.
The gnoll hits you with a +0 flail!
* * * LOW HITPOINT WARNING * * *
You sock the gnoll!
The gnoll is severely wounded.
The gnoll barely misses you. The gnoll hits you with a +0 flail.
You die...

#.............#
###...........#
##..........#
#..........#
##........##
#.......##
##.....##
###..)##
####@## ##g##
##g## ##g##
##)## #.)##
###(.##..#
#..(.....#
#...........


You could see 3 gnolls.

Vanquished Creatures
  Grinder (D:4)
  Sigmund (D:4)
  An ogre (D:4)
  A howler monkey (D:4)
  A crimson imp (D:5)
  A bullfrog zombie (D:3)
  An orc priest (D:3)
  A bullfrog skeleton (D:5)
  A gnoll shaman (D:5)
  4 orc wizards
  An iguana (D:4)
  A gnoll (D:5)
  4 adders
  A howler monkey skeleton (D:4)
  An ooze (D:1)
  A worm (D:3)
  2 dart slugs
  3 leopard geckos
  20 orcs
  10 bats
  8 giant cockroaches
  13 goblins
  2 hobgoblins (D:3)
  7 jackals
  A quokka (D:3)
  3 frilled lizards
  8 kobolds
  24 rats
123 creatures vanquished.

Notes
Turn   | Place    | Note
-------+----------+-------------------------------------------
     0 | D:1      | KristoblXynda the Ogre Berserker began the quest for the
                  | Orb.
     0 | D:1      | Reached XP level 1. HP: 24/24 MP: 1/1
   138 | D:1      | Reached XP level 2. HP: 27/32 MP: 2/2
   466 | D:1      | Reached skill level 1 in Throwing
   803 | D:1      | Reached XP level 3. HP: 40/40 MP: 3/3
   820 | D:1      | Found a shattered altar of Ashenzari.
  1551 | D:2      | Reached ** piety under Trog
  1913 | D:2      | Found a blossoming altar of Fedhas.
  1920 | D:2      | Reached XP level 4. HP: 49/49 MP: 4/4
  1973 | D:2      | Found a basalt altar of Yredelemnul.
  2032 | D:2      | Found a shattered altar of Ashenzari.
  2337 | D:3      | Reached skill level 5 in Fighting
  2351 | D:3      | Reached XP level 5. HP: 24/57 MP: 5/5
  2566 | D:3      | Found a snail-covered altar of Cheibriados.
  2751 | D:3      | Reached *** piety under Trog
  3655 | D:4      | Noticed Grinder
  3667 | D:4      | Killed Grinder
  3667 | D:4      | Reached skill level 6 in Fighting
  3667 | D:4      | Reached XP level 6. HP: 44/67 MP: 6/6
  3813 | D:4      | Found a sacrificial altar of Ru.
  3865 | D:4      | Reached XP level 7. HP: 59/75 MP: 7/7
  3869 | D:4      | Noticed Sigmund
  3877 | D:4      | Killed Sigmund
  4142 | D:4      | Found a staircase to the Ecumenical Temple.
  4360 | Temple   | Entered the Ecumenical Temple
  4823 | D:5      | Entered Level 5 of the Dungeon
  4840 | D:5      | Reached skill level 7 in Fighting
  4847 | D:5      | Reached XP level 8. HP: 83/87 MP: 8/8
  4896 | D:5      | Reached **** piety under Trog
  4904 | D:5      | HP: 2/87 [gnoll/+0 flail (9)]
  4909 | D:5      | Slain by a gnoll

Levels and vault maps discovered:
D:1:      lightli_iron_boxes, layout_loops_cross, nicolae_ashenzari_panopticon
D:2:      layout_rooms, overflow_temple_1_default, lemuel_crystal_altar,
          lemuel_tele_altar
D:3:      layout_basic, nicolae_overflow_crystal_walls, minmay_rat_hole
D:4:      layout_loops_ring, nicolae_ru_sacrificial_ziggurat,
          minmay_temple_entry_antechambers, first_ration, uniq_sigmund,
          uniq_grinder
D:5:      layout_cave_pods
Temple:   corrupted_temple

Skill      XL: |  1  2  3  4  5  6  7 |
---------------+----------------------+-----
Throwing       | 1 2 3 4 |  4.3
Maces & Flails | 3 4 |  4.9
Dodging        | 3 4 |  4.8
Fighting       | 5 6 7 |  7.2

Action                   |  1- 3 |  4- 6 |  7- 9 || total
-------------------------+-------+-------+-------++-------
Melee: Mace              |   132 |    66 |       ||   198
       Morningstar       |       |   140 |    64 ||   204
Invok: Berserk           |       |     2 |     2 ||     4
       Trog's Hand       |       |     1 |     1 ||     2
Evoke: Wand              |       |       |     4 ||     4
  Use: Scroll            |       |    12 |       ||    12
 Stab: Sleeping          |       |     1 |       ||     1
  Eat: Chunk             |     2 |     8 |     3 ||    13
       Ration            |       |     1 |       ||     1
Armor: Animal skin       |    56 |    63 |    10 ||   129
Dodge: Dodged            |   114 |   129 |    50 ||   293
       Deflected         |     2 |     2 |     7 ||    11

Table legend:
 A = Non-vault XP
 B = Vault XP
 C = Vault XP percentage of total XP
 D = Non-vault monster count
 E = Vault monster count
 F = Vault count percentage of total count
                 A         B        C        D         E       F
            +---------+---------+-------+---------+---------+-------
      Total |     834 |     514 |  38.1 |     102 |      21 |  17.1
            +---------+---------+-------+---------+---------+-------
        D:1 |      52 |       0 |   0.0 |      27 |       0 |   0.0
        D:2 |      45 |       0 |   0.0 |      13 |       0 |   0.0
        D:3 |     183 |      20 |   9.9 |      41 |      19 |  31.7
        D:4 |     322 |     494 |  60.5 |      12 |       2 |  14.3
        D:5 |     232 |       0 |   0.0 |       9 |       0 |   0.0
            +---------+---------+-------+---------+---------+-------
